 Dungeon Crawl Stone Soup version 0.20.1-1-g8b1a95d (webtiles) character file.

6312 Gargoyl the Protected (level 10, -1/133 HPs)
             Began as a Minotaur Abyssal Knight on Sept 23, 2017.
             Was a Priest of Lugonu.
             Incinerated by coier's ghost (7 damage)
             ... with a sticky flame
             ... on level 8 of the Dungeon.
             The game lasted 00:17:22 (10793 turns).

Gargoyl the Protected (Minotaur Abyssal Knight)    Turns: 10793, Time: 00:17:23

Health: -1/133     AC: 25    Str: 16 (18) XL:     10   Next: 64%
Magic:  13/14      EV:  2    Int:  8 (9)  God:    Lugonu [***...]
Gold:   367        SH:  0    Dex: 10 (12) Spells: 9/9 levels left

rFire    . . .     SeeInvis .   x - +0 war axe
rCold    . . .     Gourm    .   (no shield)
rNeg     + + +     Faith    .   (armour currently unavailable)
rPois    +         Spirit   .   (helmet currently unavailable)
rElec    .         Reflect  .   (cloak currently unavailable)
rCorr    .         Harm     .   (gloves currently unavailable)
MR       .....     NoTele   +   (boots currently unavailable)
Stlth    +.........             (no amulet)
Regen    0.4/turn               t - ring of positive energy
MPRegen  0.2/turn               i - +2 ring of evasion

@: liquid flames, tree-form, glowing
A: (retaliatory headbutt)
a: Depart the Abyss, Bend Space, Banish, Renounce Religion


You were on level 8 of the Dungeon.
You worshipped Lugonu.
Lugonu was most pleased with you.
You were not hungry.
You were a tree.
You visited 1 branch of the dungeon, and saw 9 of its levels.
You visited the Abyss 1 time.

You collected 367 gold pieces.

Inventory:

Hand Weapons
 a - a +2 hand axe
 u - a +0 falchion of holy wrath
 x - a +0 war axe (weapon)
Armour
 d - a +0 pair of gloves (melded)
 g - a +0 plate armour (melded)
 s - a +1 cloak (melded)
 w - a +2 hat (melded)
Jewellery
 i - a +2 ring of evasion (right branch)
 t - a ring of positive energy (left branch)
 y - an uncursed ring of see invisible
 C - an uncursed amulet of magic regeneration {unknown}
Wands
 m - a wand of random effects (19/48)
 n - a wand of confusion (30/48)
 E - a wand of enslavement (4/24)
Scrolls
 h - a scroll of identify
 k - 4 scrolls of remove curse
 A - a scroll of magic mapping
Potions
 j - a potion of haste
 p - a potion of brilliance {unknown}
 q - a potion of magic
 r - a potion of flight
 B - 2 potions of resistance
Books
 b - a book of Maledictions

   Spells                             Type                      Level
   a - Corona                         Hexes                        1
   b - Ensorcelled Hibernation        Hexes/Ice                    2
   c - Confuse                        Hexes                        3
   d - Tukima's Dance                 Hexes                        3
   e - Dazzling Spray                 Conjuration/Hexes            3
 l - a book of Misfortune

   Spells                             Type                      Level
   a - Confusing Touch                Hexes                        1
   b - Confuse                        Hexes                        3
   c - Gell's Gravitas                Translocation                3
   d - Petrify                        Transmutation/Earth          4
   e - Metabolic Englaciation         Hexes/Ice                    5
   f - Yara's Violent Unravelling     Hexes/Transmutation          5
Comestibles
 c - 3 bread rations
 f - 6 meat rations
 o - a royal jelly
 D - 5 chunks of flesh


   Skills:
 + Level 8.3 Fighting
 + Level 10.6 Axes
 * Level 11.7 Armour
 + Level 3.5 Dodging
 * Level 6.7 Invocations


You had 9 spell levels left.
You didn't know any spells.

Dungeon Overview and Level Annotations

Branches:
Dungeon (9/15)             Temple (0/1) D:4
   Lair: D:8-11         Orc: D:9-12

Altars:
Cheibriados
Fedhas
Sif Muna
Trog
Uskayaw
Vehumet
Xom
Yredelemnul
The Shining One

Shops:
D:6 =


Innate Abilities, Weirdness & Mutations

((You reflexively headbutt those who attack you in melee.))
((You have a pair of horns on your head.))


Message History

You are covered in liquid flames!
* * * LOW HITPOINT WARNING * * *
You see here a giant club.
You turn into a tree.
Your +1 cloak melds into your body.
Your +2 hat melds into your body.
Your +0 pair of gloves melds into your body.
Your +0 plate armour melds into your body.
Your roots penetrate the ground.
You are covered in liquid flames!
* * * LOW HITPOINT WARNING * * *
You feel better.
You are covered in liquid flames!
* * * LOW HITPOINT WARNING * * *
You are covered in liquid flames!
* * * LOW HITPOINT WARNING * * *
It was a potion of degeneration.
There was something very wrong with that liquid.
You feel weakened.
You feel dopey.
You feel clumsy.
You are covered in liquid flames!
You die...

#.# #.#.#.##........# #.#
#.#.#.#########.# #.#
#.#.#....# #.# #.# #.#.####.#
#.# #.# #.#.#.[#.# #.# #.#
####.#.#..#.### #.# #.#
#.........#.).# #.#
##.####.##.#>#.####.####.#
#.......##.#♣..........#.#
#..#######.###.####.##.#.#
#.>..................#.#.#
#.########.##.######.#.#.#
#####.######...........#.#.#.#
........(....#.##.####.#)#.#.#
.####.########.##.#
#.....#.#### .#
#.#......#.##.# ##....#.##..
.# #.#.##...#.##.# #....#.##.#


There were no monsters in sight!

Vanquished Creatures
  The ghost of coier the Thaumaturge, a novice DEFE of Vehumet (D:8)
  2 hippogriffs
  A hornet (D:7)
  A hungry ghost (D:8)
  Menkaure (D:4)
  An acid dragon (D:8)
  2 hornet zombies
  2 orc warriors (D:8)
  2 sky beasts (D:7)
  3 phantoms
  3 ice beasts (D:8)
  3 ogres
  3 centaurs
  A crocodile (D:8)
  6 bullfrogs
  2 scorpions
  6 killer bees
  2 howler monkeys (D:6)
  7 wights
  4 crimson imps
  2 jellies
  A bullfrog zombie (D:5)
  11 orc priests
  3 bullfrog skeletons
  A centaur skeleton (D:6)
  Terence (D:3)
  4 iguanas
  10 orc wizards
  9 worker ants
  A hound zombie (D:5)
  A hound skeleton (D:5)
  A howler monkey skeleton (D:5)
  2 adders
  A shadow imp (D:7)
  2 oozes
  A worm (D:2)
  2 dart slugs
  10 leopard geckos
  39 orcs
  12 bats
  A giant cockroach (D:8)
  5 hobgoblins
  10 jackals
  2 quokkas (D:7)
  A ball python (D:5)
  4 frilled lizards
  3 goblins
  6 kobolds
  A leopard gecko skeleton (D:4)
  A quokka zombie (D:7)
  9 rats
  A spectral orc (D:2)
211 creatures vanquished.

Vanquished Creatures (others)
  A two-headed ogre (D:8)
  A troll (D:9)
  A hungry ghost (D:7)
  2 orc wizards (D:7)
5 creatures vanquished.

Grand Total: 216 creatures vanquished

Notes
Turn   | Place    | Note
-------+----------+-------------------------------------------
     0 | Abyss:1  | Gargoyl the Minotaur Abyssal Knight began the quest for the Orb.
     0 | Abyss:1  | Reached XP level 1. HP: 19/19 MP: 1/1
    26 | Abyss:1  | Noticed a silent spectre
   131 | Abyss:1  | Noticed a raiju
   134 | D:1      | Escaped the Abyss
   456 | D:1      | Reached * piety under Lugonu
   488 | D:1      | Reached XP level 2. HP: 27/27 MP: 2/2
  1225 | D:2      | Reached XP level 3. HP: 32/33 MP: 3/3
  1247 | D:2      | Reached skill level 3 in Armour
  1270 | D:2      | Noticed Terence
  1490 | D:2      | Found a basalt altar of Yredelemnul.
  1949 | D:3      | Killed Terence
  1949 | D:3      | Reached XP level 4. HP: 22/40 MP: 4/4
  2064 | D:3      | Reached XP level 5. HP: 22/47 MP: 4/6
  2355 | D:3      | Reached ** piety under Lugonu
  2416 | D:3      | Noticed a phantom
  2434 | D:3      | Killed a phantom
  2434 | D:3      | Reached skill level 4 in Armour
  2469 | D:3      | Found a deep blue altar of Sif Muna.
  2469 | D:3      | Found a hide-covered altar of Uskayaw.
  2471 | D:3      | Found a shimmering altar of Xom.
  2471 | D:3      | Found a radiant altar of Vehumet.
  2473 | D:3      | Found a bloodstained altar of Trog.
  2473 | D:3      | Found a blossoming altar of Fedhas.
  2544 | D:3      | Noticed a phantom
  2584 | D:3      | Killed a phantom
  2584 | D:3      | Reached XP level 6. HP: 47/55 MP: 7/7
  3052 | D:4      | Found a glowing golden altar of the Shining One.
  3083 | D:4      | Reached skill level 5 in Armour
  3255 | D:4      | Reached skill level 5 in Fighting
  3266 | D:4      | Found a staircase to the Ecumenical Temple.
  3461 | D:4      | Noticed Menkaure
  3472 | D:4      | Killed Menkaure
  3472 | D:4      | Reached XP level 7. HP: 17/61 MP: 8/8
  3766 | D:4      | HP: 3/61 [hornet zombie (6)]
  3769 | D:4      | Reached skill level 5 in Axes
  4071 | D:5      | Entered Level 5 of the Dungeon
  4109 | D:5      | Reached skill level 6 in Armour
  4763 | D:5      | Reached XP level 8. HP: 70/70 MP: 10/10
  4954 | D:6      | Reached skill level 7 in Armour
  5062 | D:6      | Found a snail-covered altar of Cheibriados.
  5145 | D:6      | HP: 5/105 [orc priest (2)]
  5148 | D:6      | HP: 1/105 [orc priest (4)]
  5749 | D:6      | Reached *** piety under Lugonu
  5978 | D:6      | Found Ynuc Soq's Jewellery Emporium.
  6146 | D:6      | Reached skill level 8 in Armour
  6562 | D:6      | Reached skill level 5 in Invocations
  6627 | D:7      | Reached XP level 9. HP: 62/78 MP: 11/11
  6784 | D:7      | Reached skill level 9 in Armour
  7479 | D:7      | Paralysed by a hornet for 1 turns
  7517 | D:7      | HP: 2/79 [centaur/arrow (7)]
  7537 | D:7      | Reached skill level 10 in Armour
  8728 | D:8      | Reached **** piety under Lugonu
  9153 | D:8      | Reached XP level 10. HP: 84/86 MP: 13/13
  9536 | D:8      | Reached skill level 11 in Armour
 10502 | D:8      | Reached skill level 10 in Axes
 10636 | D:8      | Noticed a two-headed ogre
 10638 | D:8      | Banished a two-headed ogre
 10771 | D:8      | Noticed coier's ghost (novice DEFE)
 10788 | D:8      | Killed coier's ghost
 10790 | D:8      | HP: 2/133 [burnt (5)]
 10793 | D:8      | Incinerated by coier's ghost

Skill      XL: |  1  2  3  4  5  6  7  8  9 10 |
---------------+-------------------------------+-----
Invocations    | 2 3 4 5 6 |  6.7
Fighting       | 4 5 6 7 8 |  8.3
Armour         | 3 4 5 6 8 10 11 | 11.7
Axes           | 3 4 5 7 9 10 | 10.6
Dodging        | 2 3 |  3.5

Action                   |  1- 3 |  4- 6 |  7- 9 | 10-12 || total
-------------------------+-------+-------+-------+-------++-------
Melee: Hand axe          |    93 |    96 |   547 |       ||   736
       Headbutt          |    13 |    14 |    94 |    21 ||   142
       War axe           |       |       |       |   119 ||   119
Invok: Depart the Abyss  |     1 |       |       |       ||     1
       Bend Space        |       |       |     3 |       ||     3
       Banish            |       |       |     3 |     3 ||     6
Evoke: Wand              |       |       |     1 |       ||     1
  Use: Scroll            |     3 |     1 |     5 |     4 ||    13
       Potion            |     1 |     3 |     7 |     3 ||    14
  Eat: Chunk             |     3 |     5 |    15 |     9 ||    32
       Bread ration      |       |       |     2 |     1 ||     3
Armor: Leather armour    |    43 |       |       |       ||    43
       Chain mail        |       |    66 |   344 |       ||   410
       Skin              |       |       |    27 |       ||    27
       Plate armour      |       |       |     5 |    95 ||   100
Dodge: Dodged            |    78 |    58 |   261 |    60 ||   457
